 Dungeon Crawl Stone Soup version 0.30.0-29-ga12c61a403 (webtiles) character file.

Game seed: 7898996320421373599

2776 javelincjr the Trooper (level 10, -8/75 HPs)
             Began as a Djinni Hedge Wizard on June 12, 2023.
             Was a Follower of Makhleb.
             Mangled by a sixfirhy (10 damage)
             ... summoned by a kobold demonologist
             ... on level 6 of the Dungeon.
             The game lasted 00:49:05 (7466 turns).

javelincjr the Trooper (Djinni Hedge Wizard)        Turns: 7466, Time: 00:49:06

Health: -8/75      AC: 14    Str:  9    XL:     10   Next: 1%
Gold:   295        EV: 24    Int: 20    God:    Makhleb [*.....] SH:  0 Dex: 13

rFire   + . .        w - +4 spear (flame)
rCold   + . .        (no shield)
rNeg    + . .        i - +0 ice dragon scales
rPois   ∞            e - +1 helmet
rElec   .            v - +1 cloak
rCorr   .            (no gloves)
SInv    .            (boots unavailable)
Will    +....        h - amulet of the acrobat
Stlth   +            m - ring of wizardry
HPRegen 0.32/turn    E - ring of positive energy
MPRegen 0.00/turn

%: acrobat, wizardry (x1), infuse magic (-9 HP)
@: acrobatic, flying
A: sickness immunity, fire resistance 2, cold vulnerability 1, float, innate
caster, HP casting, extra vitality 1
a: Renounce Religion


You were on level 6 of the Dungeon.
You worshipped Makhleb.
Makhleb was aware of your devotion.
You visited 1 branch of the dungeon, and saw 6 of its levels.

You collected 295 gold pieces.

Inventory:

Hand Weapons
 a - a +0 dagger
 p - a +2 quarterstaff of chaos
 t - a +1 flail of protection
 u - a +5 dagger
 w - a +4 spear of flaming (weapon)
Armour
 b - a +0 robe
 c - a +0 hat
 e - a +1 helmet (worn)
 i - +0 ice dragon scales (worn)
 v - a +1 cloak (worn)
 x - a +0 kite shield
Jewellery
 h - an amulet of the acrobat (around neck)
 m - a ring of wizardry (left hand)
 E - a ring of positive energy (right hand)
 F - a ring of resist corrosion
Wands
 q - a wand of iceblast (9)
 G - a wand of flame (15)
Scrolls
 g - a scroll of teleportation
 o - 3 scrolls of magic mapping
 y - a scroll of identify
 z - a scroll of enchant armour {unknown}
 A - 2 scrolls of immolation
 B - a scroll of blinking
 D - a scroll of amnesia {unknown}
 H - a scroll of summoning {unknown}
Potions
 d - 3 potions of attraction
 f - 3 potions of haste
 j - 2 potions of heal wounds
 k - a potion of lignification
 l - 3 potions of curing {unknown}
 n - a potion of magic {unknown}
 r - 7 potions of flight {unknown}
 s - a potion of mutation {unknown}
 C - a potion of ambrosia {unknown}


   Skills:
 * Level 7.1 Fighting
 + Level 3.8 Armour
 + Level 5.9 Dodging
 - Level 3.2 Stealth
 + Level 0.9 Shields
 * Level 6.1 Spellcasting
 + Level 2.7 Invocations


You knew the following spells:

 Your Spells              Type           Power      Damage    Failure   Level
a - Magic Dart            Conj           100%       1d8       4%          1
b - Slow                  Hex            100%       N/A       4%          1
c - Blink                 Tloc           60%        N/A       6%          2
d - Call Imp              Summ           60%        N/A       6%          2
e - Mephitic Cloud        Conj/Pois/Air  30%        N/A       12%         3
f - Summon Small Mammal   Summ           100%       N/A       4%          1
g - Poisonous Vapours     Pois/Air       60%        N/A       6%          2
h - Portal Projectile     Hex/Tloc       60%        N/A       12%         3
i - Spider Form           Tmut/Pois      30%        N/A       12%         3
Your spell library was empty.

Dungeon Overview and Level Annotations

Branches:
Dungeon (6/15)
 Temple: D:4-7

Altars:
Makhleb
Wu Jian

Shops:
D:3 [


Innate Abilities, Weirdness & Mutations

You are immune to sickness and miasma.
You are immune to poison.
Your flesh is very heat resistant. (rF++)
You are vulnerable to cold. (rC-)
You float through the air rather than walking.
You learn spells naturally, not from books.
Your magical power is your life essence.
You have superior vitality. (+4 MHP)


Message History

The poisoned dart hits your cerulean imp!
Casting: Call Imp (safe; 6% risk of failure)
Confirm with . or Enter, or press ? or * to list all spells.
Aiming: Mephitic Cloud (dangerous; 12% risk of failure)
Press: ? - help, Shift-Dir - straight line, f - sixfirhy
Aim: a sixfirhy (summoned, ally target, chance to affect: 58%)
Okay, then.
Casting: Mephitic Cloud (dangerous; 12% risk of failure)
Confirm with . or Enter, or press ? or * to list all spells.
The sixfirhy closely misses you.
The iron imp hits your cerulean imp but does no damage.
The sixfirhy hits you. The sixfirhy shocks you!
The kobold brigand throws a poisoned dart.
The poisoned dart hits your cerulean imp!
Your cerulean imp completely misses the sixfirhy.
The sixfirhy hits you but does no damage.
The sixfirhy hits you!
* * * LOW HITPOINT WARNING * * *
The sixfirhy shocks you!
* * * LOW HITPOINT WARNING * * *
The sixfirhy barely misses you.
The iron imp hits your cerulean imp but does no damage.
The kobold brigand throws a poisoned dart.
The poisoned dart hits your cerulean imp!
Your cerulean imp is poisoned.
Your cerulean imp barely misses the sixfirhy.
The sixfirhy attacks as you move away! The sixfirhy barely misses you.
The sixfirhy hits you but does no damage.
The gnoll bouda barks out a call to the hunt!
Your rat closely misses the sixfirhy.
The gnoll is no longer moving quickly.
Your cerulean imp hits the sixfirhy but does no damage.
Your rat completely misses the sixfirhy.
The iron imp disappears in a puff of smoke!
Your rat completely misses the sixfirhy.
The sixfirhy completely misses you. The sixfirhy barely misses you.
The sixfirhy hits you!
* * * LOW HITPOINT WARNING * * *
The sixfirhy shocks you!
You die...

#.# #O#####
###.####.# #######
.......g.# #.....#
......#g## #.....#
.....##.# #.....#
......O.######.....#
......5ggKg.5.r....#
......##...###.....#
...K..####.# #.3@..#
..5..## #.# ###.###
...3.# #.# #.#
.....# #.# #.#
...### #.# #.# .###
#.. #.# .# #. #.# .#
..# .#


You could see a sixfirhy (summoned, ally target), a friendly cerulean imp
(summoned, very poisoned) and a friendly rat (summoned).

Vanquished Creatures
  Grinder (D:2)
  Sigmund (D:3)
  Menkaure (D:4)
  Edmund (D:4)
  A water moccasin (D:6)
  2 black bears
  4 ogres
  The ghost of PerfectTommy the Chopper, an amateur GnCA of Ignis (D:3)
  A phantom (D:5)
  A bullfrog (D:6)
  A gnoll sergeant (D:5)
  2 scorpions
  2 howler monkeys
  A jelly (D:6)
  2 orc priests
  2 hounds
  Crazy Yiuf (D:4)
  An orc wizard (D:5)
  An iguana (D:6)
  A hound skeleton (D:4)
  9 gnolls
  6 adders
  3 ufetubi
  2 worms
  A dart slug (D:5)
  7 orcs
  6 endoplasms
  A giant cockroach (D:1)
  6 goblins
  6 hobgoblins
  5 jackals
  7 kobolds
  3 quokkas
  5 ball pythons
  2 bats (D:1)
  3 frilled lizards
  7 rats
107 creatures vanquished.

Vanquished Creatures (collateral kills)
  An ice beast (D:6)
  A black bear (D:6)
  An ogre (D:5)
  Blork the orc (D:5)
  A necrophage (D:4)
  A scorpion (D:3)
  A hound (D:5)
  An orc priest (D:5)
  An orc wizard (D:5)
  A gnoll (D:5)
  3 adders
  2 worms (D:2)
  2 orcs (D:4)
  3 endoplasms
  2 giant cockroaches
  2 goblins (D:1)
  4 hobgoblins (D:2)
  A quokka (D:4)
  3 ball pythons
  A frilled lizard (D:1)
  5 kobolds
38 creatures vanquished.

Grand Total: 145 creatures vanquished

Notes
Turn   | Place    | Note
-------+----------+-------------------------------------------
     0 | D:1      | javelincjr the Djinni Hedge Wizard began the quest for the
                  | Orb.
     0 | D:1      | javelincjr set off with the following spells memorised:
                  | Magic Dart, Slow, Blink, Call Imp, Mephitic Cloud.
     0 | D:1      | Reached XP level 1. HP: 15/15 MP: 0/0
   262 | D:1      | Reached XP level 2. HP: 13/21 MP: 0/0
   418 | D:1      | Reached XP level 3. HP: 10/26 MP: 0/0
   418 | D:1      | Learned a level 1 spell: Summon Small Mammal
   516 | D:1      | Reached skill level 1 in Fighting
  1427 | D:2      | Reached XP level 4. HP: 23/32 MP: 0/0
  1927 | D:2      | Reached skill level 2 in Fighting
  2103 | D:2      | Reached XP level 5. HP: 31/38 MP: 0/0
  2103 | D:2      | Learned a level 2 spell: Poisonous Vapours
  2407 | D:3      | Noticed Sigmund
  2541 | D:3      | Noticed Grinder
  2737 | D:2      | Paralysed by Grinder for 2 turns
  2801 | D:2      | Killed Grinder
  2802 | D:2      | Reached skill level 3 in Fighting
  2802 | D:2      | Reached XP level 6. HP: 21/46 MP: 0/0
  2916 | D:3      | Killed Sigmund
  2917 | D:3      | Reached XP level 7. HP: 20/51 MP: 0/0
  2917 | D:3      | Learned a level 3 spell: Portal Projectile
  3221 | D:3      | Found a runed translucent door.
  3224 | D:3      | Noticed PerfectTommy's ghost (amateur GnCA)
  3545 | D:3      | Found Nemadgholl's Armour Shop.
  3934 | D:3      | Killed PerfectTommy's ghost
  3935 | D:3      | Reached skill level 4 in Fighting
  4124 | D:4      | Noticed Edmund
  4342 | D:4      | Noticed Menkaure
  4352 | D:4      | Killed Menkaure
  4353 | D:4      | Reached skill level 1 in Armour
  4353 | D:4      | Reached XP level 8. HP: 52/58 MP: 0/0
  4557 | D:4      | HP: 2/58 [Edmund/+0 flail of pain (1)]
  4822 | D:4      | Killed Edmund
  4823 | D:4      | Reached skill level 5 in Fighting
  5182 | D:4      | Found a runed translucent door.
  5183 | D:4      | Noticed Crazy Yiuf
  5192 | D:4      | Killed Crazy Yiuf
  5384 | D:4      | Found a burning altar of Makhleb.
  5410 | D:4      | Reached skill level 5 in Spellcasting
  5416 | D:4      | Reached skill level 5 in Dodging
  5424 | D:4      | Became a worshipper of Makhleb the Destroyer
  5727 | D:5      | Entered Level 5 of the Dungeon
  5727 | D:5      | Found an ornate altar of the Wu Jian Council.
  5801 | D:5      | Reached XP level 9. HP: 52/66 MP: 0/0
  5801 | D:5      | Learned a level 3 spell: Spider Form
  5819 | D:5      | Reached skill level 6 in Fighting
  6006 | D:5      | Reached skill level 1 in Invocations
  6575 | D:5      | Reached * piety under Makhleb
  6960 | D:5      | Noticed Blork the orc
  6977 | D:5      | Killed Blork the orc
  7324 | D:6      | Reached skill level 7 in Fighting
  7418 | D:6      | Reached XP level 10. HP: 48/75 MP: 0/0
  7429 | D:6      | Noticed a kobold demonologist
  7439 | D:6      | Noticed an ice devil
  7455 | D:6      | Noticed a sixfirhy
  7466 | D:6      | HP: 2/75 [sixfirhy[a kobold demonologist] (11)]
  7466 | D:6      | Mangled by a sixfirhy

Illustrated notes

Levels and vault maps discovered:
D:1:      onia_arrival_mini_maze, layout_basic, minmay_pentomino_p4
D:2:      minmay_recursive_quarters, layout_loops_ring
D:3:      layout_basic, serial_shops, nicolae_shop_rolling_square,
          hellmonk_ghost_happy_afterlife, lightli_corner_chamber, uniq_grinder,
          uniq_sigmund
D:4:      layout_loops_ring, makhleb_blood_cavern_becter, uniq_edmund,
          uniq_menkaure, uniq_crazy_yiuf_cottage
D:5:      layout_cave_pods, overflow_temple_1_default, serial_park,
          serial_park_square3 [serial_park_minivault_5x5_2], serial_park_tiny_2,
          serial_park_fountain, serial_park_square1
          [serial_park_minivault_5x5_2], uniq_blork_the_orc
D:6:      layout_rooms, minmay_manual_moon

Skill      XL: |  1  2  3  4  5  6  7  8  9 |
---------------+----------------------------+-----
Stealth        | 2 3 |  3.2
Fighting       | 1 2 3 4 5 7 |  7.1
Spellcasting   | 3 4 5 6 |  6.1
Dodging        | 3 4 5 |  5.9
Armour         | 1 2 3 |  3.8
Invocations    | 2 |  2.7
Shields        | |  0.9

Action                     |  1- 3 |  4- 6 |  7- 9 | 10-12 || total
---------------------------+-------+-------+-------+-------++-------
  Melee: Dagger            |    27 |    36 |    46 |       ||   109
         Punch             |       |     1 |     4 |       ||     5
         Flail             |       |       |    48 |       ||    48
         Spear             |       |       |    76 |       ||    76
         Unarmed           |       |       |     8 |    10 ||    18
   Cast: Magic Dart        |    61 |    14 |    69 |       ||   144
         Call Imp          |     9 |    25 |    40 |     2 ||    76
         Summon Small Mamm |       |    21 |    60 |     1 ||    82
         Poisonous Vapours |       |     8 |    47 |       ||    55
         Mephitic Cloud    |       |     4 |     4 |     3 ||    11
         Blink             |       |     3 |     5 |       ||     8
         Slow              |       |     3 |     1 |       ||     4
         Spider Form       |       |       |     1 |       ||     1
  Evoke: Wand              |       |     1 |     3 |       ||     4
    Use: Scroll            |       |       |     7 |       ||     7
         Potion            |       |       |     4 |       ||     4
   Stab: Sleeping          |     1 |       |     3 |       ||     4
         Confused          |       |       |       |     1 ||     1
 Armour: Robe              |     7 |     2 |    35 |       ||    44
         Ice dragon scales |       |       |    27 |     2 ||    29
         Skin              |       |       |     1 |       ||     1
  Dodge: Dodged            |    18 |    28 |   154 |    15 ||   215
